 Dungeon Sprint DCSS version 0.29.1-12-g30fa7ad0bf (webtiles) character file.

Game seed: 6715348613963743115

39 sanboga the Chopper (level 3, -1/29 HPs)
             Began as a Minotaur Monk on Dec 15, 2022.
             Was a Believer of Hepliaklqana.
             Slain by a merfolk
             ... wielding a +3 trident of protection
              (3 damage)
             ... in the Dungeon (Sprint V: "Ziggurat Sprint").
             The game lasted 00:02:40 (111 turns).

sanboga the Chopper (Minotaur Monk)                  Turns: 111, Time: 00:02:40

Health: -1/29      AC: 19    Str: 29    XL:     3   Next: 28%
Magic:  2/2        EV:  0    Int:  7    God:    Hepliaklqana [**....]
Gold:   0          SH: 25    Dex: 12    Spells: 2/2 levels left

rFire   + . .      SeeInvis +   z - +14 obsidian axe {vorpal, Mesm Drain Fly SInv}
rCold   + . .      Faith    .   B - +18 shield of the Gong {rElec rN+ Will+ EV-5}
rNeg    + . .      Spirit   .   i - +5 gold dragon scales
rPois   +          Reflect  .   (helmet restricted)
rElec   +          Harm     .   (no cloak)
rCorr   .          Rampage  .   (no gloves)
Will    +....      NoTele   +   (no boots)
Stlth   ..........              (no amulet)
HPRegen 0.09/turn               x - +6 ring of strength
MPRegen 0.08/turn               y - +6 ring of strength

@: flying, mesmerised
A: reduced essence, horns 2, retaliatory headbutt
a: Renounce Religion, Recall Ancestor, Ancestor Identity


You were in the Dungeon.
You worshipped Hepliaklqana.
Hepliaklqana was pleased with you.
You visited 1 branch

Inventory:

Hand Weapons
 z - the +14 obsidian axe (weapon) {vorpal, Mesm Drain Fly SInv}
   (You found it in the Dungeon)

   It inflicts extra damage upon your enemies.
   It occasionally summons demons to assist the wielder when it strikes in
   combat.
   Its wielder is mesmerised by any visible foes.
   It cannot be unequipped while any foes are visible.
   SInv:      It lets you see invisible.
   Fly:       It grants you flight.
   Drain:     It drains your maximum health when unequipped.
Armour
 i - +5 gold dragon scales (worn)
 B - the +18 shield of the Gong (worn) {rElec rN+ Will+ EV-5}
   (You found it in the Dungeon)

   It is deafeningly noisy when blocking attacks.
   EV:        It affects your evasion (-5).
   rElec:     It insulates you from electricity.
   rN:        It protects you from negative energy.
   Will:      It increases your willpower.
Jewellery
 a - a ring of protection from fire
 x - a +6 ring of strength (left hand)
 y - a +6 ring of strength (right hand)
Wands
 q - a wand of mindburst (7)
 r - a wand of light (7)
Scrolls
 f - 7 scrolls of fog
 h - 4 scrolls of blinking
 j - 5 scrolls of identify
 k - 2 scrolls of fear
Potions
 b - a potion of ambrosia
 c - 10 potions of curing
 d - 10 potions of heal wounds
 e - 6 potions of haste
 g - 3 potions of berserk rage
 l - 2 potions of brilliance
 m - 2 potions of invisibility
 n - 4 potions of resistance
 p - 5 potions of might


   Skills:
 + Level 4.2 Fighting
 * Level 7.8 Axes
 + Level 5.4 Armour
 - Level 3.2 Dodging
 - Level 1.5 Stealth
 + Level 1.9 Shields
 - Level 3.2 Unarmed Combat


You had 2 spell levels left.
You didn't know any spells.
Your spell library was empty.

Dungeon Overview and Level Annotations

Branches:
Dungeon (1/1)

Altars:
Ashenzari
Cheibriados
Dithmenos
Elyvilon
Fedhas
Gozag
Hepliaklqana
Kikubaaqudgha
Makhleb
Nemelex Xobeh
Okawaru
Qazlal
Ru
Sif Muna
Trog
Uskayaw
Vehumet
Wu Jian
Xom
Yredelemnul
Zin
The Shining One
Jiyva
Lugonu

Annotations:
D 1 transporter


Innate Abilities, Weirdness & Mutations

Your life essence is reduced to manifest your ancestor. (-10% HP)
You have a pair of horns on your head.
You reflexively headbutt those who attack you in melee.


Message History

You block the merfolk's attack.
PANG!
The merfolk hits you from afar with a +0 trident.
You block the merfolk's attack.
PANG!
Chuck hits the merfolk with a +0 dagger of draining.
Chuck drains the merfolk.
You barely miss the merfolk.
The merfolk is lightly wounded.
You slash the merfolk! You block the merfolk's attack.
PTOANNNG!
You block the merfolk's attack.
PTOANNNG!
The merfolk hits you but does no damage.
Chuck barely misses the merfolk. x2
The merfolk hits you from afar with a +0 trident!
The merfolk hits you with a +0 trident!
* * * LOW HITPOINT WARNING * * *
You block the merfolk's attack.
PTOANNNG!
You miss the merfolk.
The merfolk is moderately wounded.
You slash the merfolk!
Visions of slaying the merfolk flood into your mind.
Chuck closely misses the merfolk.
Chuck barely misses the merfolk.
You block the merfolk's attack.
PANG!
The merfolk hits you with a +0 trident.
* * * LOW HITPOINT WARNING * * *
You block the merfolk's attack.
BONNNG!
Chuck closely misses the merfolk.
You slice the merfolk!! You headbutt the merfolk.
The merfolk is almost dead.
You hit the merfolk.
Chuck hits the merfolk but does no damage.
Chuck drains the merfolk.
The merfolk hits you but does no damage.
The merfolk hits you with a +3 trident of protection.
You die...

▓▓▓▓▓▓▓▓▓▓▓▓▓
▓.8©8.▓.8©8.▓
▓.:|[.▓.....▓
▓...m.▓.}...▓
▓..mm.▓.....▓
▓..@R.▓.....▓
▓.....▓..©..▓
▓..©..▓▓▓▓▓▓▓
▓▓▓▓▓▓▓


You could see the friendly Chuck the hexer and 3 merfolk.

Vanquished Creatures
  A jelly (D)
  An endoplasm (D)
2 creatures vanquished.

Notes
Turn   | Place    | Note
-------+----------+-------------------------------------------
     0 | D        | sanboga the Minotaur Monk began the quest for the Orb.
     0 | D        | Reached XP level 1. HP: 19/19 MP: 0/0
    20 | D        | Found a blossoming altar of Fedhas.
    20 | D        | Found the +6 Majin-Bo {vamp, MP+6 Int+6}
    20 | D        | Found the +9 heavy crossbow "Sniper" {vorpal, Acc+∞ SInv}
    20 | D        | Found the +10 dark maul {vorpal}
    20 | D        | Found the +15 Maxwell's patent armour {-Cast -Tele rElec
                  | Will+ rCorr}
    20 | D        | Found the +18 shield of the Gong {rElec rN+ Will+ EV-5}
    20 | D        | Found the +14 obsidian axe {vorpal, Mesm Drain Fly SInv}
    20 | D        | Found the +7 great mace "Firestarter" {inner flame, rF++}
    20 | D        | Found the +6 shillelagh "Devastator" {shatter}
    20 | D        | Found the +11 plutonium sword {Contam Stlth-}
    20 | D        | Found the +8 lance "Wyrmbane" {slay drac, rPois rF+ rC+
                  | AC+3}
    20 | D        | Found the +9 sword of Zonguldrok {reap}
    20 | D        | Found the +13 scythe of Curses {drain, Drain}
    20 | D        | Found the +5 sword of Power {vorpal}
    20 | D        | Found the +7 mace of Variability {chain chaos}
    20 | D        | Found the +7 Singing Sword {vorpal, sonic wave}
    20 | D        | Found the +8 storm bow {elec, penet}
    21 | D        | Found a viscous altar of Jiyva.
    21 | D        | Found a transporter.
    21 | D        | Found a hazy altar of Hepliaklqana.
    21 | D        | Found an ancient bone altar of Kikubaaqudgha.
    21 | D        | Found an opulent altar of Gozag.
    21 | D        | Found a corrupted altar of Lugonu.
    30 | D        | Found a burning altar of Makhleb.
    31 | D        | Found a sacrificial altar of Ru.
    31 | D        | Found a shimmering blue altar of Sif Muna.
    31 | D        | Found a stormy altar of Qazlal.
    31 | D        | Found a bloodstained altar of Trog.
    31 | D        | Found an iron altar of Okawaru.
    31 | D        | Found a sparkling altar of Nemelex Xobeh.
    83 | D        | Became a worshipper of Hepliaklqana the Forgotten
    83 | D        | Reached * piety under Hepliaklqana
    83 | D        | Reached ** piety under Hepliaklqana
    84 | D        | Remembered your ancestor Chuck as a hexer
    90 | D        | Reached skill level 7 in Axes
    90 | D        | Reached XP level 2. HP: 23/23 MP: 1/1
    94 | D        | Entered arena 2.
    94 | D        | Found a transporter.
    97 | D        | Reached skill level 5 in Armour
    97 | D        | Reached skill level 1 in Shields
    97 | D        | Reached XP level 3. HP: 29/29 MP: 2/2
   106 | D        | Entered arena 3.
   106 | D        | Noticed a merfolk
   106 | D        | Noticed a merfolk
   106 | D        | Noticed a merfolk
   106 | D        | Found a transporter.
   111 | D        | Slain by a merfolk

Illustrated notes

Levels and vault maps discovered:
D:        sprint_v [room_start, room_1, room_2, room_3, room_4, room_5, room_6,
          room_7, room_8, room_9, room_10, room_11, room_12, room_13, room_14,
          room_15, room_16, room_17, room_18, room_19, room_20, room_21,
          room_22, room_23, room_24, room_25, room_26, room_27]

Skill      XL: |  1  2 |
---------------+-------+-----
Axes           | 7 |  7.8
Armour         | 4 5 |  5.4
Fighting       | 4 |  4.2
Shields        | 1 |  1.9
Dodging        | |  3.2
Stealth        | |  1.5
Unarmed Combat | |  3.2

Action                   || total
-------------------------++-------
Melee: Broad axe         ||     4
       Headbutt          ||     1
Invok: Ancestor Life: He ||     1
       Ancestor Identity ||     1
  Use: Potion            ||     1
Armor: Gold dragon scale ||     2
Block: Kite shield       ||     8
